 Dungeon Crawl Stone Soup version 0.27-a0-366-g8badd94918 (webtiles) character file.

Game seed: 12726487753209498564

377 jestyr24 the Ruffian (level 6, 0/59 HPs)
             Began as a Troll Fighter on Feb 17, 2021.
             Slain by a lemure (2 damage)
             ... led by Pikel
             ... on level 4 of the Dungeon.
             The game lasted 00:08:57 (2278 turns).

jestyr24 the Ruffian (Troll Fighter)                Turns: 2278, Time: 00:08:58

Health: 0/59       AC:  4    Str: 27    XL:     6   Next: 45%
Magic:  5/5        EV:  8    Int:  4    God:
Gold:   215        SH:  9    Dex:  9    Spells: 5/5 levels left

rFire    . . .     SeeInvis .     - Unarmed
rCold    . . .     Faith    +   b - +0 kite shield
rNeg     . . .     Spirit   .   a - +0 robe
rPois    .         Reflect  .   (helmet restricted)
rElec    .         Harm     .   (no cloak)
rCorr    .         Rampage  .   (gloves unavailable)
Will     .....                  (boots unavailable)
Stlth    +.........             n - amulet of faith
HPRegen  1.19/turn              (no ring)
MPRegen  0.09/turn              (no ring)

@: no status effects
A: large, unfitting armour, claws 3, regeneration 1, shaggy fur 1, tough skin 1
a: no special abilities


You were on level 4 of the Dungeon.
You visited 1 branch of the dungeon, and saw 4 of its levels.

You collected 215 gold pieces.

Inventory:

Missiles
 d - 189 stones
 x - 12 poisoned darts (quivered)
Armour
 a - a +0 robe (worn)
 b - a +0 kite shield (worn)
Jewellery
 n - an amulet of faith (around neck)
Wands
 r - a wand of polymorph (8)
 y - a wand of flame (16)
Scrolls
 e - 2 scrolls of immolation {unknown}
 f - 2 scrolls of noise {unknown}
 g - a scroll of enchant armour {unknown}
 h - 6 scrolls of identify {unknown}
 j - 3 scrolls of teleportation {unknown}
 k - a scroll of fear {unknown}
 p - a scroll of amnesia {unknown}
 q - 2 scrolls of random uselessness {unknown}
 w - 2 scrolls of enchant weapon {unknown}
Potions
 c - 2 potions of might
 i - a potion of brilliance {unknown}
 l - 3 potions of curing {unknown}
 m - a potion of ambrosia {unknown}
 o - 2 potions of haste {unknown}
 s - a potion of lignification {unknown}
 t - 2 potions of resistance {unknown}
 u - a potion of attraction {unknown}
 v - a potion of heal wounds {unknown}
 z - a potion of magic {unknown}


   Skills:
 + Level 2.8 Fighting
 + Level 3.6 Dodging
 + Level 0.3 Stealth
 + Level 3.5 Shields
 + Level 4.7 Unarmed Combat


You had 5 spell levels left.
You didn't know any spells.
Your spell library contained the following spells:

 Spells                   Type           Power        Failure   Level
 Corona                   Hex            0%           88%         1
 Slow                     Hex            0%           95%         2
 Inner Flame              Hex/Fire       0%           99%         3
 Portal Projectile        Hex/Tloc       0%           99%         3
 Cause Fear               Hex            0%           100%        4
 Leda's Liquefaction      Hex/Erth       0%           100%        4


Dungeon Overview and Level Annotations

Branches:
Dungeon (4/15)
 Temple: D:4-7

Altars:
Vehumet

Shops:
D:4 !

Annotations:
D:4 Pikel


Innate Abilities, Weirdness & Mutations

You are too large for most types of armour.
You have claws for hands.
Your natural rate of healing is unusually fast.
You are covered in fur. (AC +1)
You have tough skin. (AC +1)


Message History

Pikel hits you with a +0 whip of freezing!
Pikel freezes you. The lemure hits you!
Pikel hits you with a +0 whip of freezing.
Pikel freezes you.
You claw Pikel!
Pikel is moderately wounded.
You block the lemure's attack.
Pikel hits you with a +0 whip of freezing.
Pikel freezes you.
You barely miss Pikel.
Pikel is moderately wounded.
You block the lemure's attack.
Pikel hits you with a +0 whip of freezing.
Pikel freezes you.
You claw Pikel!
Pikel is severely wounded.
The lemure completely misses you. You block the lemure's attack.
The lemure hits you. You block Pikel's attack.
You closely miss Pikel.
Pikel is severely wounded.
The lemure closely misses you. x2; The lemure hits you.
Pikel hits you with a +0 whip of freezing.
* * * LOW HITPOINT WARNING * * *
Pikel freezes you.
* * * LOW HITPOINT WARNING * * *
The lemure hits you.
* * * LOW HITPOINT WARNING * * *
You barely miss Pikel.
Pikel is severely wounded.
You block the lemure's attack. Pikel hits you but does no damage.
You block the lemure's attack. The lemure hits you but does no damage.
You barely miss Pikel.
Pikel is severely wounded.
The lemure closely misses you.
Pikel hits you with a +0 whip of freezing!
* * * LOW HITPOINT WARNING * * *
Pikel freezes you.
* * * LOW HITPOINT WARNING * * *
You block the lemure's attack. The lemure hits you.
You die...

# (.# ....###
<.(....##### .#
#....55...######.##
#(.((K@.....(.....#
#.#..55............
#####..........#
###.......#
###.......#
##....)...##
#.........##
#............## ###
..............# #..


You could see Pikel (very poisoned) and 4 lemures.

Vanquished Creatures
  An ogre (D:4)
  A howler monkey (D:4)
  An iguana (D:4)
  7 gnolls
  7 adders
  2 worms
  4 dart slugs
  A leopard gecko (D:2)
  3 orcs
  3 bats
  6 giant cockroaches
  10 goblins
  7 hobgoblins
  8 jackals
  12 kobolds
  2 quokkas
  6 frilled lizards
  A quokka skeleton (D:4)
  8 rats
90 creatures vanquished.

Notes
Turn   | Place    | Note
-------+----------+-------------------------------------------
     0 | D:1      | jestyr24 the Troll Fighter began the quest for the Orb.
     0 | D:1      | Reached XP level 1. HP: 22/22 MP: 0/0
   171 | D:1      | Reached XP level 2. HP: 29/29 MP: 1/1
   596 | D:1      | Reached XP level 3. HP: 36/36 MP: 2/2
   850 | D:2      | Reached skill level 3 in Unarmed Combat
   864 | D:2      | Reached XP level 4. HP: 44/44 MP: 3/3
  1454 | D:2      | Reached XP level 5. HP: 50/50 MP: 4/4
  2001 | D:4      | Found Taon's Distillery.
  2015 | D:4      | Reached skill level 4 in Unarmed Combat
  2042 | D:4      | Noticed an ogre
  2054 | D:4      | Killed an ogre
  2055 | D:4      | Reached XP level 6. HP: 37/59 MP: 5/5
  2198 | D:4      | Found a radiant altar of Vehumet.
  2265 | D:4      | Noticed Pikel
  2278 | D:4      | HP: 2/59 [Pikel/+0 whip of freezing (4)]
  2278 | D:4      | Slain by a lemure

Illustrated notes

Levels and vault maps discovered:
D:1:      dpeg_arrival_stone_temple_mockup, layout_basic
D:2:      layout_rooms, minmay_joined_circles
D:3:      layout_rooms
D:4:      layout_cave_pods, vehumet_altar_wand_db, minmay_temple_entry_hall,
          serial_shops, nicolae_shop_stone, shop, kennysheep_mini,
          nicolae_shop_trees, shop_statue,
          nicolae_dithmenos_through_a_glass_darkly, uniq_pikel

Skill      XL: |  1  2  3  4  5 |
---------------+----------------+-----
Dodging        | 3 |  3.6
Unarmed Combat | 3 4 |  4.7
Shields        | 3 |  3.5
Fighting       | |  2.8
Stealth        | |  0.3

Action                   |  1- 3 |  4- 6 || total
-------------------------+-------+-------++-------
Melee: Unarmed           |   118 |   152 ||   270
Throw: Dart              |       |     7 ||     7
Armor: Robe              |    58 |    42 ||   100
Dodge: Dodged            |    59 |    70 ||   129
Block: Kite shield       |    71 |    90 ||   161

Table legend: (Time is in decaauts)
 A = Elapsed time spent in this place.
 B = Non-inter-level travel time spent in this place.
 C = Inter-level travel time spent in this place.
 D = Time resting spent in this place.
 E = Time spent auto-exploring this place.
 F = Levels seen in this place.
 G = Mean time per level.
                   A        B        C        D        E       F      G
               +--------+--------+--------+--------+--------+-----+--------+
         Total |   2319 |   2220 |     99 |     23 |   1307 |   4 |  579.8 |
       Dungeon |   2319 |   2220 |     99 |     23 |   1307 |   4 |  579.8 |
               +--------+--------+--------+--------+--------+-----+--------+

Top non-repeatable levels by time:
     D:1: 830 daAuts
     D:2: 707 daAuts
     D:3: 497 daAuts
     D:4: 283 daAuts
